 Dungeon Crawl Stone Soup version 0.30.1-11-g7821555f0a (webtiles) character file.

Game seed: 15946664729112571573

9728 gasfasgas the Cleaver (level 11, -8/108 HPs)
             Began as a Minotaur Berserker on Nov 8, 2023.
             Was a High Priest of Trog.
             Mangled by an Executioner (11 damage)
             ... on level 2 of the Abyss.
             The game lasted 00:50:21 (10364 turns).

gasfasgas the Cleaver (Minotaur Berserker)         Turns: 10364, Time: 00:50:22

Health: -8/108     AC: 17    Str: 35    XL:     11   Next: 26%
Magic:  10/10      EV: 11    Int:  8    God:    Trog [*****.]
Gold:   266        SH:  0    Dex:  8    Spells: 10/10 levels left

rFire   . . .        J - +1 battleaxe
rCold   . . .        (shield currently unavailable)
rNeg    . . .        z - +0 chain mail
rPois   +            (helmet restricted)
rElec   .            (no cloak)
rCorr   .            (no gloves)
SInv    .            C - +2 pair of boots {Fly}
Will    .....        (no amulet) Stlth
                     e - +6 ring of strength
HPRegen 0.38/turn    y - ring of Grontol {rPois Str+3}
MPRegen 0.12/turn

%: no passive effects
@: flying
A: horns 2, retaliatory headbutt, iridescent scales 1, clever 1, robust 1
a: Renounce Religion, Berserk, Trog's Hand, Brothers in Arms


You were on level 2 of the Abyss.
You worshipped Trog.
Trog was extremely pleased with you.
You visited 2 branches of the dungeon, and saw 11 of its levels.
You visited the Abyss 1 time.

You collected 524 gold pieces.
You spent 258 gold pieces at shops.

Inventory:

Hand Weapons
 k - a +1 shortbow of electrocution
 J - a +1 battleaxe (weapon)
Missiles
 m - 11 boomerangs (quivered)
Armour
 z - a +0 chain mail (worn)
 C - a +2 pair of boots of flying (worn)
Jewellery
 a - a ring of flight
 d - a ring of see invisible
 e - a +6 ring of strength (left hand)
 l - a ring of protection from cold
 t - a ring of protection from fire
 y - the ring of Grontol (right hand) {rPois Str+3}
   (You found it on level 4 of the Dungeon)

   [ring of poison resistance]

   Str:       It affects your strength (+3).
   rPois:     It protects you from poison.
 E - a ring of wizardry
 I - a +6 ring of dexterity
Wands
 u - a wand of roots (14)
 F - a wand of mindburst (14)
Scrolls
 c - 6 scrolls of identify
 f - 3 scrolls of teleportation
 h - 3 scrolls of enchant armour
 i - 3 scrolls of noise
 n - a scroll of silence {unknown}
 o - a scroll of magic mapping {unknown}
 q - 2 scrolls of amnesia
 r - a scroll of blinking {unknown}
 v - 2 scrolls of poison {unknown}
 w - a scroll of immolation {unknown}
 x - a scroll of fog {unknown}
 A - a scroll of enchant weapon
 D - a scroll of vulnerability
Potions
 g - a potion of curing
 j - a potion of mutation
 p - a potion of lignification
 B - 2 potions of cancellation {unknown}
 G - 2 potions of degeneration {unknown}
 H - a potion of magic {unknown}


   Skills:
 + Level 9.6 Fighting
 + Level 14.3 Axes
 + Level 0.7 Throwing
 + Level 11.1 Armour
 + Level 4.9 Dodging
 + Level 2.0 Stealth
 + Level 4.4 Shields


You had 10 spell levels left.
You didn't know any spells.
Your spell library contained the following spells:

 Spells                   Type           Power      Damage    Failure   Level
 Apportation              Tloc           0%         N/A       75%         1
 Slow                     Hex            0%         N/A       75%         1
 Ensorcelled Hibernation  Hex/Ice        0%         N/A       87%         2
 Confusing Touch          Hex            0%         N/A       98%         3
 Gell's Gravitas          Tloc           0%         N/A       98%         3
 Spider Form              Tmut/Pois      0%         N/A       98%         3
 Teleport Other           Tloc           0%         N/A       98%         3
 Tukima's Dance           Hex            0%         N/A       98%         3
 Vampiric Draining        Necr           0%         2d6       98%         3
 Anguish                  Hex/Necr       0%         N/A       100%        4
 Passage of Golubria      Tloc           0%         N/A       100%        4
 Alistair's Intoxication  Tmut/Pois      0%         N/A       100%        5
 Yara's Violent Unravell  Hex/Tmut       0%         3d3       100%        5
 Dispersal                Tloc           0%         N/A       100%        6


Dungeon Overview and Level Annotations

Branches:
Dungeon (10/15)            Temple (1/1) D:6
   Lair: D:8-11         Orc: D:9-12

Altars:
Ashenzari
Cheibriados
Dithmenos
Elyvilon
Fedhas
Gozag
Hepliaklqana
Kikubaaqudgha
Makhleb
Nemelex Xobeh
Qazlal
Ru
Sif Muna
Trog
Uskayaw
Vehumet
Xom
Yredelemnul
Zin

Shops:
D:4 *

Annotations:
D:10 Sonja


Innate Abilities, Weirdness & Mutations

You have a pair of horns on your head.
You reflexively headbutt those who attack you in melee.
You are partially covered in iridescent scales. (AC +2)
Your mind is acute. (Int +4, Str/Dex -1)
You are robust. (+10% HP)


Message History

You feel much better.
The Executioner gestures.
The Executioner seems to speed up.
The Executioner hits you. The Executioner barely misses you.
The Executioner hits you.
The Executioner hits you but does no damage. x2
The Executioner barely misses you.
You closely miss the Executioner. The Executioner hits you!
The Executioner hits you but does no damage. x4
The Executioner barely misses you. The Executioner hits you!
* * * LOW HITPOINT WARNING * * *
The Executioner hits you but does no damage. x2
You slice the Executioner!!
The Executioner is moderately wounded.
The Executioner hits you but does no damage.
The Executioner closely misses you.
The Executioner hits you but does no damage. x2
The Executioner barely misses you. x2
The Executioner hits you but does no damage.
The Executioner completely misses you. The Executioner closely misses you.
You closely miss the Executioner.
The Executioner is moderately wounded.
The Executioner hits you!
* * * LOW HITPOINT WARNING * * *
The Executioner hits you but does no damage.
The Executioner hits you.
* * * LOW HITPOINT WARNING * * *
The Executioner hits you but does no damage. x4
The Executioner hits you.
* * * LOW HITPOINT WARNING * * *
The Executioner closely misses you.
As you read the scroll of fear, it crumbles to dust.
You assume a fearsome visage.
The Executioner resists with almost no effort.
The Executioner hits you but does no damage.
The Executioner hits you.
* * * LOW HITPOINT WARNING * * *
The Executioner hits you but does no damage.
The Executioner hits you!
You die...

. . .. .. . . .
#.........∩.#. . ##
..> ............#
....# ............#
......#
#...........#. . .
#. ...........#
##... #
#..........# . ..#
#.......1).### .#
.......@.))#.. .#
.........).# ..#.#
#
..............#._.#
#.................#
#.######....#####.#
. ...#### # .##. #
# #


You could see an Executioner (fast).

Vanquished Creatures
  A two-headed ogre (D:8)
  A deep elf zephyrmancer (D:9)
  Pikel (D:5)
  A manticore (D:7)
  A kobold demonologist (Abyss:2)
  A yaktaur (shapeshifter) (D:8)
  Maggie (D:9)
  4 trolls
  Grinder (D:5)
  3 yaks (D:6)
  A shadow (Abyss:2)
  Eustachio (D:6)
  2 ynoxinuls (Abyss:2)
  3 steam dragons
  Grum (D:9)
  3 water moccasins
  A black bear (D:7)
  An orc warrior (D:7)
  3 sky beasts
  Duvessa (D:5)
  A small abomination (Abyss:2)
  5 ice beasts
  2 wolves (D:9)
  2 ogres
  4 centaurs
  5 kobold brigands
  8 bullfrogs
  3 scorpions
  A gnoll sergeant (D:8)
  5 wights (D:8)
  Dowan (D:5)
  8 killer bees
  A howler monkey (D:6)
  4 hounds
  2 jellies (D:7)
  An orc priest (D:8)
  A gnoll bouda (D:7)
  An iron imp (Abyss:2)
  2 sleepcaps
  5 iguanas
  6 orc wizards
  5 gnolls (D:8)
  6 adders
  3 white imps
  2 ufetubi
  2 worms (D:3)
  5 dart slugs
  23 orcs
  9 endoplasms
  A giant cockroach (D:2)
  13 goblins
  4 hobgoblins
  9 jackals
  29 kobolds
  5 quokkas
  8 ball pythons
  5 bats
  5 frilled lizards
  6 rats
240 creatures vanquished.

Vanquished Creatures (others)
  An unseen horror (D:7)
  An orc priest (D:7)
2 creatures vanquished.

Grand Total: 242 creatures vanquished

Notes
Turn   | Place    | Note
-------+----------+-------------------------------------------
     0 | D:1      | gasfasgas the Minotaur Berserker began the quest for the
                  | Orb.
     0 | D:1      | Reached XP level 1. HP: 19/19 MP: 0/0
    67 | D:1      | Found a faded altar of an unknown god.
   118 | D:1      | Reached XP level 2. HP: 27/27 MP: 1/1
   123 | D:1      | Reached skill level 4 in Axes
   458 | D:1      | Reached ** piety under Trog
   459 | D:1      | Reached XP level 3. HP: 33/33 MP: 2/2
  1589 | D:3      | Reached XP level 4. HP: 41/41 MP: 3/3
  1727 | D:3      | Reached skill level 5 in Axes
  1746 | D:3      | Found a bloodstained altar of Trog.
  1746 | D:3      | Found a burning altar of Makhleb.
  2085 | D:3      | Reached *** piety under Trog
  2344 | D:3      | Found a blossoming altar of Fedhas.
  2518 | D:4      | Reached XP level 5. HP: 47/47 MP: 4/4
  2606 | D:4      | Reached skill level 5 in Fighting
  2668 | D:4      | Reached XP level 6. HP: 56/56 MP: 5/5
  2702 | D:4      | Identified the ring of Grontol {rPois Str+3}
  2707 | D:4      | Found Bike's General Store.
  2823 | D:4      | Found a sacrificial altar of Ru.
  3176 | D:5      | Entered Level 5 of the Dungeon
  3276 | D:5      | Found a sparkling altar of Nemelex Xobeh.
  3300 | D:5      | Noticed a water moccasin
  3310 | D:5      | Killed a water moccasin
  3311 | D:5      | Reached skill level 6 in Axes
  3537 | D:5      | Noticed Pikel
  3562 | D:5      | Killed Pikel
  3563 | D:5      | Reached skill level 7 in Axes
  3563 | D:5      | Reached skill level 1 in Stealth
  3563 | D:5      | Reached skill level 1 in Shields
  3563 | D:5      | Reached XP level 7. HP: 25/61 MP: 6/6
  3766 | D:5      | Noticed Duvessa
  3766 | D:5      | Noticed Dowan
  3773 | D:5      | Killed Duvessa
  3776 | D:5      | Killed Dowan
  3777 | D:5      | Reached XP level 8. HP: 50/70 MP: 7/7
  3975 | D:5      | Noticed Grinder
  3984 | D:5      | Paralysed by Grinder for 4 turns
  3997 | D:5      | Killed Grinder
  3998 | D:5      | Reached skill level 8 in Axes
  4201 | D:5      | Reached skill level 9 in Axes
  4608 | D:4      | Bought a +2 pair of boots of flying for 258 gold pieces
  4740 | D:6      | Noticed a troll
  4749 | D:6      | Killed a troll
  4977 | D:6      | Reached XP level 9. HP: 73/78 MP: 8/8
  4987 | D:6      | Reached skill level 10 in Axes
  5072 | D:6      | Found a staircase to the Ecumenical Temple.
  5380 | D:6      | Noticed Eustachio
  5391 | D:6      | Killed Eustachio
  5430 | D:6      | Reached skill level 11 in Axes
  5870 | Temple   | Entered the Ecumenical Temple
  6279 | D:7      | Gained mutation: You are robust. (+10% HP) [potion of
                  | mutation]
  6279 | D:7      | Gained mutation: Your mind is acute. (Int +4, Str/Dex -1)
                  | [potion of mutation]
  6279 | D:7      | Gained mutation: You are partially covered in iridescent
                  | scales. (AC +2) [potion of mutation]
  6420 | D:7      | Reached **** piety under Trog
  6497 | D:7      | Noticed a cyclops
  6499 | D:7      | Noticed a manticore
  6502 | D:7      | Killed an unseen horror
  6518 | D:7      | HP: 4/86 [manticore (1)]
  6521 | D:7      | Killed a manticore
  6716 | D:7      | Reached skill level 12 in Axes
  6836 | D:7      | Reached XP level 10. HP: 72/94 MP: 9/9
  7501 | D:8      | Found a shimmering blue altar of Sif Muna.
  7806 | D:8      | Found a stormy altar of Qazlal.
  7836 | D:8      | Noticed a two-headed ogre
  7842 | D:8      | Killed a two-headed ogre
  7843 | D:8      | Reached skill level 13 in Axes
  7843 | D:8      | Reached skill level 10 in Armour
  8312 | D:8      | Reached ***** piety under Trog
  8773 | D:8      | Found an opulent altar of Gozag.
  8774 | D:8      | Found a glowing silver altar of Zin.
  9232 | D:9      | Noticed Grum
  9248 | D:9      | Killed Grum
  9524 | D:9      | Noticed a deep elf zephyrmancer
  9538 | D:9      | Killed a deep elf zephyrmancer
  9539 | D:9      | Reached XP level 11. HP: 34/106 MP: 10/10
  9826 | D:9      | Noticed Maggie
  9833 | D:9      | Killed Maggie
  9933 | D:9      | Reached skill level 14 in Axes
 10028 | D:9      | Identified the +6 hand axe "Maerch" {venom, rPois Will+
                  | Int+3}
 10297 | D:10     | Entered Level 10 of the Dungeon
 10297 | D:10     | Noticed Sonja
 10300 | Abyss:2  | Cast into level 2 of the Abyss (Sonja)
 10319 | Abyss:2  | Found a corrupted altar of Lugonu.
 10334 | Abyss:2  | Noticed a sun demon
 10335 | Abyss:2  | Found a corrupted altar of Lugonu.
 10357 | Abyss:2  | Noticed an Executioner
 10364 | Abyss:2  | HP: 3/108 [Executioner (5)]
 10364 | Abyss:2  | Mangled by an Executioner

Illustrated notes

Levels and vault maps discovered:
D:1:      lemuel_arrival_room, layout_rooms,
          ebering_ecumenical_altar_sacrificial, minmay_misc_feat_plants
D:2:      minmay_evil_eye, layout_loops_corners, kennysheep_path_1,
          nicolae_underground_beach
D:3:      minmay_spotlight, layout_basic, mainiacjoe_overflow_paths,
          nicolae_overflow_two_pavilions, minmay_close_crescents
D:4:      layout_rooms, nicolae_ru_the_path_less_chosen, serial_shops, shop
D:5:      layout_loops_ring, mainiacjoe_overflow_six_doors_small, uniq_grinder,
          uniq_pikel, uniq_duvessa
D:6:      layout_basic, minmay_temple_entry_trees, kennysheep_generic_room_4,
          uniq_eustachio
D:7:      nzn_winding_woodlands_medium [nzn_winding_woodlands_5x5_cross,
          nzn_winding_woodlands_5x15_eye, nzn_winding_woodlands_5x5_perimeter,
          nzn_winding_woodlands_5x5_default,
          nzn_winding_woodlands_center_garden,
          nzn_winding_woodlands_5x5_checkerboard,
          nzn_winding_woodlands_hourglass,
          nzn_winding_woodlands_5x15_sidewinder,
          nzn_winding_woodlands_5x5_open_star], layout_cave_pools
D:8:      layout_layer_cave, grunt_temple_overflow_gold_and_silver,
          overflow_temple_1_default, mainiacjoe_overflow_alcove_1,
          corexii_checkpoint_a, minivault_11, minivault_24,
          kennysheep_just_a_vault
D:9:      layout_small_grid, enter_bailey_2, guppyfry_early_elven_hall,
          uniq_grum, uniq_maggie
D:10:     layout_stronghold, okawaru_altar_gauntlet_db, marbit_many_paths,
          tso_oasis_becter, grunt_lair_entry_orc_guard_hut, enter_trove_5,
          kennysheep_diamond, minmay_misc_feat_alley, uniq_erica, uniq_sonja,
          uniq_nergalle
Temple:   nicolae_temple_bog_church
Abyss:2:  base: D:5, guppyfry_abyss_exit_spiral_guarded

Skill      XL: |  1  2  3  4  5  6  7  8  9 10 11 |
---------------+----------------------------------+-----
Axes           | 4 5 7 9 12 13 14 | 14.3
Fighting       | 4 5 6 7 9 |  9.6
Armour         | 3 4 6 7 9 10 11 | 11.1
Dodging        | 3 4 |  4.9
Stealth        | 1 2 |  2.0
Shields        | 1 2 3 4 |  4.4
Throwing       | |  0.7

Action                     |  1- 3 |  4- 6 |  7- 9 | 10-12 || total
---------------------------+-------+-------+-------+-------++-------
  Melee: Hand axe          |    90 |   120 |    32 |       ||   242
         Headbutt          |    10 |    23 |    28 |    21 ||    82
         Punch             |     1 |     1 |       |       ||     2
         War axe           |       |       |   146 |   101 ||   247
         Battleaxe         |       |       |       |    88 ||    88
  Throw: Boomerang         |       |     2 |     4 |       ||     6
    Use: Potion            |       |     3 |     7 |     3 ||    13
         Scroll            |       |       |     7 |     2 ||     9
 Armour: Animal skin       |     5 |       |       |       ||     5
         Leather armour    |     4 |       |       |       ||     4
         Ring mail         |    15 |    22 |       |       ||    37
         Scale mail        |       |    13 |       |       ||    13
         Chain mail        |       |    10 |   101 |   153 ||   264
  Dodge: Dodged            |    57 |    52 |    64 |   120 ||   293
  Block: Buckler           |       |     9 |    36 |    19 ||    64
